Map: Site Delta LE

Players

demzi - Winner!

  • Race: Zerg Zerg
  • League: Platinum
  • Spawn Location: 11:00

Khan

  • Race: Zerg Zerg
  • League: Diamond
  • Spawn Location: 5:00

VOD

Have the link to the VOD?

Description

Time

  • Played on: March 24, 2024, 11:30 a.m.
  • Length: 7:35
Show
View Real Time Build Order
Export as new Build Order

demzi Zerg - Winner!

Build Orders: Hatch First 

Get SALT Encoding   

  12  0:00  Drone  
  13  0:12  Overlord  
  13  0:18  Drone  
  14  0:31  Drone x2  
  16  0:49  Hatchery  
  15  0:52  Drone  
  15  0:56  Drone  
  17  0:59  Drone  
  18  1:12  Extractor  
  18  1:15  Spawning Pool  
  16  1:19  Drone  
  16  1:22  Drone  
  18  1:28  Drone  
  19  1:40  Overlord  
  19  1:50  Drone  
  20  2:03  Queen  
  20  2:04  Queen, Zergling x4  
  26  2:12  Drone  
  26  2:14  Overlord  
  27  2:25  Drone x2  
  29  2:33  Drone x2  
  31  2:40  Lair  
  31  2:43  Drone  
  32  2:45  Drone  
  33  2:54  Roach Warren  
  32  3:00  Evolution Chamber  
  32  3:03  Evolution Chamber, Drone x2  
  32  3:14  Spine Crawler  
  31  3:20  Overlord  
  31  3:21  Drone x2  
  31  3:22  Drone  
  31  3:26  Drone  
  35  3:29  Drone x2  
  37  3:39  Glial Reconstitution  
  37  3:41  Zerg Missile Weapons Level 1  
  37  3:47  Extractor  
  36  3:53  Drone x6  
  42  4:01  Drone  
  42  4:02  Drone  
  44  4:04  Overlord  
  44  4:16  Drone x2  
  46  4:18  Drone x2, Extractor  
  46  4:24  Overlord  
  47  4:26  Roach x4  
  47  4:27  Roach  
  57  4:35  Overlord  
  57  4:36  Overlord  
  57  4:42  Roach  
  59  4:49  Drone  
  59  4:50  Hydralisk Den  
  59  4:54  Roach x3  
  59  4:55  Roach  
  67  5:10  Zerg Ground Armor Level 1  
  67  5:16  Roach  
  67  5:17  Roach  
  67  5:20  Roach  
  73  5:23  Roach  
  73  5:26  Roach  
  77  5:30  Zergling x8  
  81  5:41  Ravager  
  82  5:45  Zergling x2  
  82  5:46  Overlord, Zergling x2  
  82  5:47  Overlord x4  
  84  6:04  Queen  
  84  6:09  Hydralisk  
  84  6:10  Hydralisk x4  
  90  6:28  Roach  
  90  6:29  Roach x4  
  96  6:39  Roach x4  
  96  6:54  Roach  
  96  6:55  Roach  
  83  7:14  Roach x8  
Show
View Real Time Build Order
Export as new Build Order

Khan Zerg 

Build Orders: Hatch First 

Get SALT Encoding   

  12  0:00  Drone  
  13  0:12  Overlord  
  13  0:16  Drone  
  14  0:30  Drone x2  
  14  0:34  Drone  
  17  0:52  Hatchery  
  17  0:55  Drone  
  17  1:09  Spawning Pool  
  16  1:12  Drone  
  17  1:25  Drone x2, Extractor  
  19  1:28  Drone  
  19  1:38  Overlord  
  19  1:49  Overlord  
  19  1:56  Queen  
  19  2:00  Drone  
  22  2:05  Queen  
  22  2:06  Drone  
  25  2:12  Drone  
  25  2:15  Zergling x2  
  27  2:22  Spine Crawler  
  26  2:26  Spine Crawler, Zergling x2  
  26  2:27  Zergling x2  
  27  2:32  Drone  
  28  2:39  Drone  
  28  2:43  Drone  
  30  2:50  Drone  
  31  2:54  Lair  
  31  2:55  Drone  
  31  2:58  Drone  
  33  3:02  Metabolic Boost  
  33  3:05  Drone x2  
  35  3:15  Drone x3  
  35  3:16  Drone  
  35  3:18  Drone  
  40  3:21  Drone x2  
  42  3:28  Drone  
  42  3:29  Drone  
  44  3:37  Extractor x2  
  44  3:39  Drone, Extractor  
  44  3:40  Drone x2  
  44  3:43  Overlord  
  44  3:44  Overlord  
  44  4:01  Queen, Drone x2  
  44  4:02  Drone x2  
  50  4:03  Drone  
  50  4:06  Drone  
  52  4:11  Drone  
  53  4:17  Roach Warren  
  53  4:18  Hydralisk Den  
  53  4:20  Drone x3  
  53  4:22  Drone, Baneling Nest  
  54  4:26  Drone  
  55  4:32  Zergling x2  
  55  4:33  Zergling x4  
  59  4:38  Drone  
  59  4:39  Spire  
  58  4:46  Zergling x4  
  58  4:51  Overlord x2, Muscular Augments  
  60  4:57  Glial Reconstitution  
  60  4:58  Centrifugal Hooks  
  60  5:10  Zergling x12  
  66  5:18  Overlord  
  66  5:19  Overlord  
  66  5:29  Queen  
  66  5:30  Overlord  
  66  5:31  Overlord x2  
  66  5:34  Overlord  
  68  5:41  Grooved Spines  
  68  5:48  Hatchery  
  67  6:00  Hatchery, Hydralisk x2  
  67  6:02  Hydralisk  
  72  6:14  Roach x5  
  82  6:24  Roach  
  82  6:25  Roach x3  
  87  6:30  Roach x2  
  77  6:36  Roach x3  
  73  6:44  Roach  
  73  6:45  Roach  
  67  6:51  Roach  
  55  6:56  Roach  
  49  7:04  Roach  
  49  7:05  Roach x2  
  49  7:07  Drone  
  50  7:10  Drone  
  50  7:11  Drone  
Tags
 
Add a new tag
Caveats
  • Supply blocks, unpowered buildings, or Contaminate may cause inaccurate times.
  • Supply counts are checked every 10 seconds.